 Dungeon Crawl Stone Soup version 0.29.0-5-ge4962eb29e (webtiles) character file.

Game seed: 10048815713365274254

14 concernfroge the Trooper (level 2, 0/25 HPs)
             Began as a Mummy Monk on Aug 28, 2022.
             Slain by a goblin
             ... wielding a +0 club
              (1 damage)
             ... on level 1 of the Dungeon.
             The game lasted 00:01:50 (548 turns).

concernfroge the Trooper (Mummy Monk)                Turns: 548, Time: 00:01:51

Health: 0/25       AC:  8    Str: 14    XL:     2   Next: 31%
Magic:  2/2        EV:  6    Int:  9    God:
Gold:   19         SH:  0    Dex: 14    Spells: 1/1 levels left

rFire   x . .      SeeInvis .   d - +0 great mace
rCold   + . .      Faith    .   (shield currently unavailable)
rNeg    + + +      Spirit   .   e - +0 chain mail
rPois   ∞          Reflect  .   (no helmet)
rElec   .          Harm     .   (no cloak)
rCorr   .          Rampage  .   (no gloves)
Will    .....                   (no boots)
Stlth   ..........              (no amulet)
HPRegen 0.08/turn               (no ring)
MPRegen 0.08/turn               (no ring)

@: about to teleport
A: cold resistance 1, negative energy resistance 3, torment resistance 2, heat
vulnerability 1, no potions
a: no special abilities


You were on level 1 of the Dungeon.
You visited 1 branch of the dungeon, and saw 1 of its levels.

You collected 19 gold pieces.

Inventory:

Hand Weapons
 a - a +0 spear
 d - a +0 great mace (weapon)
Armour
 e - a +0 chain mail (worn)


   Skills:
 + Level 3.7 Fighting
 + Level 0.1 Maces & Flails
 - Level 2.4 Polearms
 - Level 2.4 Dodging
 - Level 1.5 Stealth


You had one spell level left.
You didn't know any spells.
Your spell library was empty.

Dungeon Overview and Level Annotations

Branches:
Dungeon (1/15)

Altars:


Innate Abilities, Weirdness & Mutations

You are immune to poison.
Your flesh is cold resistant. (rC+)
You are immune to negative energy. (rN+++)
You are immune to unholy pain and torment.
You are vulnerable to heat. (rF-)
You do not drink.


Message History

The giant cockroach bites you but does no damage.
The goblin hits you but does no damage. x2
You barely miss the giant cockroach. The giant cockroach bites you.
The giant cockroach bites you but does no damage.
The goblin hits you but does no damage. x2
You sock the giant cockroach!
You kill the giant cockroach!
The goblin hits you with a +0 club. x3; The goblin hits you but does no damage.
You are too injured to fight recklessly!
You are too injured to fight recklessly!
You are too injured to fight recklessly!
You closely miss the goblin. The goblin barely misses you.
The goblin hits you but does no damage. The goblin hits you with a +0 club.
The goblin hits you but does no damage.
You closely miss the goblin.
The goblin hits you but does no damage. x2
You barely miss the goblin.
The goblin hits you but does no damage. x3
The goblin barely misses you.
You closely miss the goblin.
The goblin hits you but does no damage. x4
You barely miss the goblin.
The goblin hits you but does no damage. x4
You hit the goblin.
The goblin is heavily wounded.
The goblin hits you with a +0 club.
* * * LOW HITPOINT WARNING * * *
The goblin hits you but does no damage.
You hit the goblin.
The goblin is severely wounded.
The goblin hits you but does no damage. x4
You closely miss the goblin.
The goblin is heavily wounded.
The goblin hits you but does no damage. The goblin hits you with a +0 club.
* * * LOW HITPOINT WARNING * * *
The goblin barely misses you. The goblin hits you but does no damage.
You barely miss the goblin.
The goblin is heavily wounded.
The goblin hits you but does no damage. The goblin hits you with a +0 club.
* * * LOW HITPOINT WARNING * * *
As you read the scroll labelled UPTAEZ KEEF, it crumbles to dust.
You feel strangely unstable.
It was a scroll of teleportation.
The goblin hits you with a +0 club.
You die...

# .... #.....#..... #...
........##.# #.##
........##.##########.##
..>............[.>......
.........#..........####
........?#..#.....[÷####
......†...#.#..÷#.....##
......g@..#...#.#.....##
......g#...#..#.........
#..).......#....#.##...#
########....#..........#
##...#....##....#
#....#........##
....#.##...##..#
#........##.. ..#
#........ .#


You could see 2 goblins.

Vanquished Creatures
  An endoplasm (D:1)
  2 giant cockroaches (D:1)
  2 goblins (D:1)
  2 hobgoblins (D:1)
  2 quokkas (D:1)
  3 bats (D:1)
12 creatures vanquished.

Notes
Turn   | Place    | Note
-------+----------+-------------------------------------------
     0 | D:1      | concernfroge the Mummy Monk began the quest for the Orb.
     0 | D:1      | Reached XP level 1. HP: 18/18 MP: 1/1
   108 | D:1      | Reached XP level 2. HP: 14/24 MP: 2/2
   547 | D:1      | HP: 1/25 [goblin/+0 club (2)]
   548 | D:1      | Slain by a goblin

Illustrated notes

Levels and vault maps discovered:
D:1:      moated_graveyard_arrival, layout_rooms,
          chequers_ecumenical_altar_island, hangedman_decor_peaks_small

Action                   || total
-------------------------++-------
Melee: Great mace        ||    42
       Spear             ||    10
  Use: Scroll            ||     1
 Stab: Sleeping          ||     1
Armor: Robe              ||    10
       Chain mail        ||    42
Dodge: Dodged            ||    45
